 Dungeon Crawl Stone Soup version 0.20-a0-1086-g4bd2f5b (webtiles) character file.

26091 George the Carver (level 12, -40/107 HPs)
             Began as a Minotaur Fighter on May 1, 2017.
             Was a High Priest of Okawaru.
             Killed from afar by a frost giant (42 damage)
             ... with a bolt of cold
             ... on level 14 of the Dungeon.
             The game lasted 00:28:31 (14583 turns).

George the Carver (Minotaur Fighter)               Turns: 14583, Time: 00:28:32

Health: -40/107    AC: 16    Str: 26    XL:     12   Next: 95%
Magic:  10/17      EV: 18    Int:  5    God:    Okawaru [*****.]
Gold:   779        SH: 18    Dex: 17    Spells: 11/11 levels left

rFire    . . .     SeeInvis .   J - +5 double sword (distort)
rCold    . . .     Gourm    .   c - +0 shield
rNeg     + . .     Faith    .   L - +0 chain mail "Duof" {rN+ Str+3}
rPois    +         Spirit   .   (helmet restricted)
rElec    .         Reflect  +   F - +1 cloak {rPois}
rCorr    +         Harm     .   (no gloves)
MR       .....                  (no boots)
Stlth    ..........             D - +3 amulet of reflection
Regen    0.3/turn               e - ring of resist corrosion
MPRegen  0.2/turn               B - +4 ring of dexterity

@: heroism, finesse
A: retaliatory headbutt, horns 2
a: Heroism, Finesse, Renounce Religion


You were on level 14 of the Dungeon.
You worshipped Okawaru.
Okawaru was extremely pleased with you.
You were hungry.

You visited 2 branches of the dungeon, and saw 15 of its levels.
You also visited: Sewer.

You collected 779 gold pieces.

Inventory:

Hand Weapons
 x - a +1 short sword of venom
 G - a +0 falchion of slicing
 J - a +5 double sword of distortion (weapon)
Missiles
 b - 2 javelins (quivered)
 w - 2 throwing nets
Armour
 c - a +0 shield (worn)
 F - a +1 cloak of poison resistance (worn)
 L - the +0 chain mail "Duof" (worn) {rN+ Str+3}
   (Okawaru gifted it to you on level 11 of the Dungeon)

   It affects your strength (+3).
   It protects you from negative energy.
Jewellery
 e - a ring of resist corrosion (left hand)
 B - a +4 ring of dexterity (right hand)
 D - a +3 amulet of reflection (around neck)
 O - an uncursed ring of ice
Wands
 o - a wand of acid (2/15)
 q - a wand of flame (0/48)
 s - a wand of flame (15/48)
 v - a wand of flame (21/48)
 y - a wand of digging (5/24)
 A - a wand of disintegration (19/24)
 C - a wand of confusion (25/48)
 M - a wand of iceblast (7/15)
Scrolls
 a - a scroll of magic mapping
 g - 3 scrolls of teleportation
 k - 3 scrolls of remove curse
 m - a scroll of immolation
 u - 2 scrolls of fog
 z - 3 scrolls of enchant armour
 E - 3 scrolls of recharging
 H - a scroll of blinking
 I - a scroll of enchant weapon
 K - a scroll of identify
Potions
 d - 3 potions of might
 l - 6 potions of curing
 n - 2 potions of haste
 p - 3 potions of mutation
 r - a potion of flight
 t - 5 potions of agility
Comestibles
 f - 6 bread rations
 h - 44 fruits
 i - 7 royal jellies
 j - 11 meat rations


   Skills:
 + Level 10.3(15.3) Fighting
 + Level 14.3(19.3) Long Blades
 + Level 10.8(15.8) Armour
 + Level 9.1(14.1) Dodging
 + Level 10.2(15.2) Shields
 + Level 8.3 Invocations


You had 11 spell levels left.
You didn't know any spells.

Dungeon Overview and Level Annotations

Branches:
Dungeon (14/15)            Temple (1/1) D:4            Lair (0/6) D:9
    Orc (0/2) D:12         Vaults (0/5) D:13

Altars:
Ashenzari
Cheibriados
Dithmenos
Elyvilon
Fedhas
Gozag
Hepliaklqana
Kikubaaqudgha
Makhleb
Nemelex Xobeh
Okawaru
Qazlal
Ru
Sif Muna
Trog
Uskayaw
Vehumet
Wu Jian
Xom
Yredelemnul
Zin
The Shining One

Shops:
D:5 *   D:10 [   D:11 %   D:12 !

Portals:
Trove: D:11 (give horn of Geryon)

Annotations:
D:1 dig
D:4 exclusion: oklob plant


Innate Abilities, Weirdness & Mutations

You reflexively headbutt those who attack you in melee.
You have a pair of horns on your head.


Message History

You hear a bark!
You slash the war gargoyle!
The war gargoyle is moderately damaged.
You slash the war gargoyle!
The war gargoyle is devoured by a tear in reality.
You hit the ettin.
The ettin looks slightly unstable.
You headbutt the ettin, but do no damage.
The ettin is lightly wounded.
You slice the ettin!!
Space warps horribly around the ettin!
The ettin is severely wounded.
You hear a shout!
The ettin hits you with a dire flail!
* * * LOW HITPOINT WARNING * * *
The ettin misses you.
You slice the ettin!!
You kill the ettin!
Okawaru accepts your kill.
The frost giant points at you and mumbles some strange words.
The bolt of cold hits you!
You die...

#......#.....#
####......#....# ##
#.........'....##...
.##.##......#.........
..........####...##..
##.###[######...# .#
#[# #......# #c ##.#
#......# #.##@.#
#......# #.#ยง#.#
#......# #C##.#
#......# #...##.#
#<.....# #8T8##.#
#......# hT(D....#
#......# #C#8.8##.#
#......# .Q.#...# .#
#......+ C#. .$###
#......#


You could see a frost giant.

Vanquished Creatures
  An ettin (D:14)
  A centaur warrior (D:13)
  8 two-headed ogres
  The ghost of snowfan the Nimble, a journeyman DECj of Vehumet (D:11)
  3 unseen horrors
  A wizard (D:13)
  Maurice (D:8)
  Psyche (D:11)
  A komodo dragon (D:14)
  A hornet (D:12)
  4 trolls
  Grinder (D:6)
  The ghost of Paps the Covert, an amateur OpAs (D:3)
  7 slime creatures
  4 hippogriffs
  A vampire (D:14)
  A shadow (D:12)
  A wyvern (D:13)
  A wraith (D:13)
  A hungry ghost (D:11)
  A basilisk (D:13)
  A water moccasin (D:9)
  An acid dragon (D:12)
  A soldier ant (D:13)
  Duvessa (D:5)
  An ice beast (D:7)
  7 sky beasts
  5 orc warriors
  4 phantoms
  8 ogres
  19 centaurs
  A crocodile (D:8)
  6 big kobolds
  Blork the orc (D:4)
  11 bullfrogs
  Dowan (D:5)
  4 scorpions
  21 killer bees
  3 howler monkeys (D:10)
  3 crimson imps
  2 centaur zombies (D:8)
  A bullfrog zombie (D:9)
  8 hounds
  2 jellies
  2 centaur skeletons
  Crazy Yiuf (D:4)
  10 orc priests
  2 bullfrog skeletons (D:11)
  7 iguanas
  9 orc wizards
  8 worker ants
  A killer bee zombie (D:7)
  A hound zombie (D:7)
  Robin (D:4)
  22 adders
  12 gnolls
  5 shadow imps
  2 adder zombies
  4 worms
  7 dart slugs
  11 leopard geckos
  53 orcs
  12 giant cockroaches
  12 goblins
  6 hobgoblins
  9 jackals
  28 kobolds
  5 ball pythons
  8 bats
  9 frilled lizards
  A quokka skeleton (D:4)
  7 rats
409 creatures vanquished.

Vanquished Creatures (others)
  A war gargoyle (D:14)
  A centaur warrior (D:13)
  A two-headed ogre (D:13)
  A flayed ghost (D:14)
  A deep elf mage (D:12)
  A centaur skeleton (D:12)
  A meliai zombie (D:13)
  A hungry ghost (D:11)
  An orc warrior (D:13)
  A centaur (D:14)
  A killer bee (D:11)
  An orc wizard (D:11)
12 creatures vanquished.

Grand Total: 421 creatures vanquished

Notes
Turn   | Place    | Note
-------+----------+-------------------------------------------
     0 | D:1      | George the Minotaur Fighter began the quest for the Orb.
     0 | D:1      | Reached XP level 1. HP: 19/19 MP: 0/0
    51 | D:1      | Reached skill level 3 in Long Blades
    81 | D:1      | Reached XP level 2. HP: 21/26 MP: 1/1
   352 | D:1      | Reached skill level 4 in Long Blades
   542 | D:1      | Reached XP level 3. HP: 25/31 MP: 2/2
   886 | D:2      | Reached skill level 5 in Long Blades
  1025 | D:2      | Reached XP level 4. HP: 33/39 MP: 3/3
  1055 | D:2      | Found a stormy altar of Qazlal.
  1257 | D:2      | Found a stormy altar of Qazlal.
  1463 | D:3      | Reached skill level 6 in Long Blades
  1481 | D:3      | Reached XP level 5. HP: 20/45 MP: 4/4
  1490 | D:3      | Noticed Paps's ghost (amateur OpAs)
  1500 | D:3      | Killed Paps's ghost
  1500 | D:3      | Reached skill level 8 in Long Blades
  1500 | D:3      | Reached XP level 6. HP: 11/51 MP: 5/5
  1505 | D:3      | Found a glowing drain.
  1516 | Sewer    | Entered a sewer
  1964 | Sewer    | Reached skill level 9 in Long Blades
  1964 | Sewer    | Reached XP level 7. HP: 48/57 MP: 6/6
  1972 | Sewer    | Got an ichor-stained ring mail
  1983 | Sewer    | Identified the cursed +0 ring mail "Fehethask" {+Fly MR+++ Str-5 Int+4} (You found it in a sewer)
  2844 | D:4      | Found a radiant altar of Vehumet.
  3031 | D:4      | Found a basalt altar of Yredelemnul.
  3056 | D:4      | Found a sparkling altar of Nemelex Xobeh.
  3067 | D:4      | Reached skill level 10 in Long Blades
  3101 | D:4      | Noticed Robin
  3129 | D:4      | Killed Robin
  3223 | D:4      | Found a blossoming altar of Fedhas.
  3242 | D:4      | Noticed an oklob plant
  3334 | D:4      | Found an ornate altar of the Wu Jian Council.
  3368 | D:4      | Found a white marble altar of Elyvilon.
  3376 | D:4      | Noticed Blork the orc
  3384 | D:4      | Killed Blork the orc
  3726 | D:4      | Found a staircase to the Ecumenical Temple.
  3750 | D:4      | Reached skill level 11 in Long Blades
  3888 | Temple   | Entered the Ecumenical Temple
  3992 | Temple   | Became a worshipper of Warmaster Okawaru
  4022 | D:4      | Found a runed door.
  4073 | D:4      | Reached XP level 8. HP: 49/66 MP: 7/7
  4227 | D:4      | Noticed Crazy Yiuf
  4234 | D:4      | Killed Crazy Yiuf
  4313 | D:5      | Entered Level 5 of the Dungeon
  4354 | D:5      | Noticed Duvessa
  4355 | D:5      | Noticed Dowan
  4361 | D:5      | Killed Duvessa
  4361 | D:5      | Reached skill level 1 in Dodging
  4361 | D:5      | Reached skill level 1 in Invocations
  4365 | D:5      | Killed Dowan
  4710 | D:5      | Found Suxt's General Store.
  5131 | D:6      | Reached * piety under Okawaru
  5522 | D:6      | Found a bloodstained altar of Trog.
  5831 | D:6      | Found a shattered altar of Ashenzari.
  6004 | D:6      | Noticed Grinder
  6028 | D:6      | Killed Grinder
  6028 | D:6      | Reached skill level 5 in Fighting
  6028 | D:6      | Reached skill level 5 in Armour
  6028 | D:6      | Reached skill level 5 in Shields
  6028 | D:6      | Reached XP level 9. HP: 74/74 MP: 10/10
  6101 | D:7      | Reached ** piety under Okawaru
  6276 | D:7      | Noticed a troll
  6286 | D:7      | Killed a troll
  7256 | D:8      | Reached skill level 12 in Long Blades
  7474 | D:8      | Reached *** piety under Okawaru
  7608 | D:8      | Noticed a two-headed ogre
  7636 | D:8      | Killed a two-headed ogre
  7636 | D:8      | Reached skill level 5 in Dodging
  7636 | D:8      | Reached XP level 10. HP: 47/84 MP: 12/12
  7866 | D:8      | Noticed a two-headed ogre
  7872 | D:8      | Killed a two-headed ogre
  8038 | D:8      | Reached skill level 5 in Invocations
  8053 | D:8      | Noticed Maurice
  8060 | D:8      | Reached **** piety under Okawaru
  8090 | D:8      | Noticed a two-headed ogre
  8108 | D:8      | Killed a two-headed ogre
  8333 | D:8      | Found an ornate altar of the Wu Jian Council.
  8347 | D:8      | Killed Maurice
  8510 | D:8      | Found a hazy altar of Hepliaklqana.
  8587 | D:8      | Received a gift from Okawaru
  9114 | D:9      | Found a staircase to the Lair.
  9236 | D:9      | Noticed a two-headed ogre
  9244 | D:9      | Killed a two-headed ogre
  9244 | D:9      | Reached ***** piety under Okawaru
  9244 | D:9      | Reached XP level 11. HP: 80/94 MP: 14/14
  9427 | D:9      | Noticed a two-headed ogre
  9438 | D:9      | Killed a two-headed ogre
  9679 | D:10     | Entered Level 10 of the Dungeon
  9836 | D:10     | Killed an unseen horror
  9836 | D:10     | Received a gift from Okawaru
  9836 | D:10     | Reached skill level 13 in Long Blades
 10279 | D:10     | Found Topraemo's Armour Shoppe.
 10318 | D:10     | Noticed a two-headed ogre
 10321 | D:10     | Killed a two-headed ogre
 10494 | D:11     | Noticed snowfan's ghost (journeyman DECj)
 10622 | D:11     | Found a snail-covered altar of Cheibriados.
 10874 | D:11     | Killed snowfan's ghost
 11273 | D:11     | Noticed a two-headed ogre
 11276 | D:11     | Killed a two-headed ogre
 11332 | D:11     | Found Caibrash's Food Emporium.
 11350 | D:11     | Noticed Psyche
 11372 | D:11     | Killed Psyche
 11511 | D:11     | Killed an unseen horror
 11511 | D:11     | Received a gift from Okawaru
 11512 | D:11     | Got a brightly glowing chain mail {god gift}
 11523 | D:11     | Identified the +0 chain mail "Duof" {rN+ Str+3} (Okawaru gifted it to you on level 11 of the Dungeon)
 11646 | D:11     | Found a portal to a secret trove of treasure.
 12261 | D:12     | Found a staircase to the Orcish Mines.
 12280 | D:12     | Reached XP level 12. HP: 86/104 MP: 16/16
 12311 | D:12     | Found Maucul's Distillery.
 13262 | D:13     | Noticed a centaur warrior
 13301 | D:13     | Reached skill level 10 in Armour
 13322 | D:13     | Killed a centaur warrior
 13438 | D:13     | Noticed a two-headed ogre
 13452 | D:13     | Banished a two-headed ogre
 13482 | D:13     | Noticed a centaur warrior
 13709 | D:13     | Reached skill level 14 in Long Blades
 13803 | D:13     | Noticed a two-headed ogre
 13883 | D:13     | Banished a centaur warrior
 13920 | D:13     | Reached skill level 10 in Fighting
 14348 | D:13     | Noticed a five-headed hydra
 14357 | D:13     | Killed a two-headed ogre
 14360 | D:13     | Found a gate to the Vaults.
 14373 | D:13     | Reached skill level 10 in Shields
 14551 | D:14     | Noticed a frost giant
 14559 | D:14     | Received a gift from Okawaru
 14563 | D:14     | Noticed an ettin
 14564 | D:14     | Noticed a deep troll earth mage
 14565 | D:14     | Noticed an ice dragon
 14567 | D:14     | Noticed a war gargoyle
 14569 | D:14     | Noticed a deep troll earth mage
 14573 | D:14     | Noticed an ettin
 14574 | D:14     | Noticed a frost giant
 14576 | D:14     | Noticed a tengu reaver
 14579 | D:14     | Banished a war gargoyle
 14582 | D:14     | HP: 2/106 [ettin/dire flail (17)]
 14583 | D:14     | Killed an ettin
 14583 | D:14     | Killed from afar by a frost giant

Vault maps used:
D:1:      lightli_arrival_noodles, due_unseen_surprise
D:2:      lemuel_round_altar, nicolae_qazlal_general_emergency
D:3:      portal_sewer_entry_d, minmay_statues_item
D:4:      nicolae_overflow_hidden_temple, elyvilon_altar_5,
          kennysheep_mini_moat, yredelemnul_altar_generic,
          vehumet_altar_wand_db, temple_green, dk_noncrumbling_4, tgw_fedhas,
          uniq_robin, uniq_crazy_yiuf_cottage, uniq_blork_the_orc
D:5:      first_bread, serial_shops, shop, uniq_duvessa
D:6:      marbit_many_paths, nicolae_overflow_crystal_walls, uniq_grinder
D:8:      lemuel_crystal_altar, basic_altar, uniq_maurice
D:9:      lair_entry_dummy
D:10:     serial_shops, nicolae_shop_behind_doors
D:11:     basic_altar, nicolae_trove_entry_crystal, serial_shops,
          shop_fountains, blue_anna_alchemist, minmay_fountain_box,
          minmay_misc_feat_columns, uniq_psyche
D:12:     orc_0_dummy, serial_shops, shop, corexii_leaking_fountain
D:13:     david_vaults_1, glass_columns_b
D:14:     nicolae_ru_sacrificial_ziggurat, minmay_the_grid_square_5x5_4x4_mashed
Temple:   dshaligram_water_room_temple
Sewer:    sewer_frog_island_01

Skill      XL: |  1  2  3  4  5  6  7  8  9 10 11 12 |
---------------+-------------------------------------+-----
Long Blades    | 3 4 5 6 8 9 11 12 13 14 | 14.3
Armour         | 5 6 8 9 10 | 10.8
Dodging        | 3 5 6 7 9 |  9.1
Shields        | 5 6 7 9 10 | 10.2
Invocations    | 2 4 5 7 8 |  8.3
Fighting       | 5 6 7 9 10 | 10.3

Action                   |  1- 3 |  4- 6 |  7- 9 | 10-12 || total
-------------------------+-------+-------+-------+-------++-------
Melee: Long sword        |   103 |   110 |   243 |       ||   456
       Headbutt          |    13 |    18 |    93 |   145 ||   269
       Scimitar          |       |       |   168 |   222 ||   390
       Double sword      |       |       |       |   336 ||   336
       Falchion          |       |       |       |    14 ||    14
Throw: Javelin           |       |       |       |     4 ||     4
Invok: Heroism           |       |       |       |     2 ||     2
       Finesse           |       |       |       |     2 ||     2
Evoke: Wand              |       |       |       |     2 ||     2
  Use: Scroll            |     5 |     3 |     5 |     7 ||    20
       Potion            |       |     1 |       |       ||     1
  Eat: Chunk             |       |     4 |    18 |    21 ||    43
       Fruit             |       |       |       |     2 ||     2
Armor: Scale mail        |    42 |       |       |    94 ||   136
       Chain mail        |       |    70 |       |   148 ||   218
       Ring mail         |       |       |    61 |       ||    61
       Plate armour      |       |       |    69 |     4 ||    73
Dodge: Dodged            |    27 |    25 |    92 |   231 ||   375
Block: Shield            |    56 |    47 |   169 |   303 ||   575
       Reflection        |       |       |       |     6 ||     6
       Rpst.: Long sword |    10 |     5 |    19 |       ||    34
       Scimitar          |       |       |    10 |    15 ||    25
       Double sword      |       |       |       |    34 ||    34
